2407 views
Uploaded 2021-11-19 16:11:13
Game version 1.32.10
35:02 long 3on3 ladder game on (6)Monsoon_LV
Saved by xzz
2407 views
Uploaded 2021-11-19 16:11:13
Game version 1.32.10
35:02 long 3on3 ladder game on (6)Monsoon_LV


149 units @ 18.1k
/ 2.8k
63 buildings @ 8.6k
/ 3.6k
⇛
Baylios
(3)
(18:28) : 

| Scroll of Regeneration | 2 | 200 |
| Scroll of Town Portal | 2 | 700 |
| Potion of Lesser Invulnerability | 1 | 150 |
| total: | 5 | 1050g |
| Peasant | 18 | 1350 | / | 0 |
| Rifleman | 20 | 4100 | / | 600 |
| Footman | 1 | 135 | / | 0 |
| Flying Machine | 17 | 1700 | / | 510 |
| Mortar Team | 1 | 180 | / | 70 |
| total: | 57 | 7465g | / | 1180w |
| Scout Tower | 10 | 300 | / | 200 |
| Arcane Tower | 1 | 70 | / | 50 |
| Guard Tower | 4 | 280 | / | 200 |
| Altar of Kings | 1 | 180 | / | 50 |
| Farm | 12 | 960 | / | 240 |
| Blacksmith | 1 | 140 | / | 60 |
| Lumber Mill | 1 | 120 | / | 0 |
| Barracks | 1 | 160 | / | 60 |
| Arcane Vault | 1 | 130 | / | 30 |
| Town Hall | 1 | 385 | / | 205 |
| Cannon Tower | 1 | 120 | / | 100 |
| Workshop | 3 | 420 | / | 420 |
| Keep | 1 | 320 | / | 210 |
| Castle | 1 | 360 | / | 210 |
| total: | 31 | 2795g | / | 1265w |
| 0:03 | Peasant |
| 0:03 | Peasant |
| 0:20 | Altar of Kings |
| 0:28 | Farm |
| 0:34 | Peasant |
| 0:34 | Peasant |
| 0:55 | Blacksmith |
| 1:02 | Peasant |
| 1:02 | Peasant |
| 1:14 | Scout Tower |
| 1:15 | Scout Tower |
| 1:16 | Scout Tower |
| 1:20 | Peasant |
| 1:20 | Peasant |
| 1:36 | Lumber Mill |
| 1:52 | Barracks |
| 2:01 | Peasant |
| 2:10 | Farm |
| 2:13 | Farm |
| 2:24 | Farm |
| 2:28 | Storm Bolt |
| 2:45 | Scout Tower |
| 2:49 | Scout Tower |
| 2:51 | Arcane Tower |
| 3:00 | Rifleman |
| 3:00 | Footman |
| 3:01 | Improved Lumber Harvesting |
| 3:10 | Arcane Vault |
| 3:20 | Guard Tower |
| 3:21 | Rifleman |
| 3:33 | Scout Tower |
| 3:39 | Scout Tower |
| 3:48 | Rifleman |
| 4:05 | Peasant |
| 4:05 | Peasant |
| 4:06 | Peasant |
| 4:13 | Farm |
| 4:27 | Guard Tower |
| 4:34 | Improved Masonry |
| 5:03 | Rifleman |
| 5:10 | Bash |
| 5:26 | Town Hall |
| 5:34 | Scroll of Regeneration |
| 6:05 | Farm |
| 6:08 | Farm |
| 6:48 | Keep |
| 7:03 | Rifleman |
| 7:04 | Scroll of Regeneration |
| 7:09 | Scout Tower |
| 7:11 | Scout Tower |
| 7:13 | Scout Tower |
| 7:19 | Rifleman |
| 7:22 | Black Gunpowder |
| 7:28 | Peasant |
| 7:28 | Peasant |
| 7:28 | Peasant |
| 7:57 | Rifleman |
| 8:01 | Storm Bolt |
| 8:04 | Rifleman |
| 8:06 | Studded Leather Armor |
| 8:08 | Guard Tower |
| 8:35 | Peasant |
| 8:35 | Peasant |
| 8:36 | Peasant |
| 8:54 | Rifleman |
| 8:54 | Rifleman |
| 9:12 | Workshop |
| 9:16 | Workshop |
| 9:17 | Workshop |
| 9:38 | Long Rifles |
| 10:09 | Rifleman |
| 10:15 | Refined Gunpowder |
| 10:21 | Holy Light |
| 10:34 | Bash |
| 10:44 | Rifleman |
| 10:45 | Flying Machine |
| 10:45 | Flying Machine |
| 10:45 | Flying Machine |
| 10:45 | Flying Machine |
| 10:48 | Flying Machine |
| 10:48 | Flying Machine |
| 11:03 | Rifleman |
| 11:30 | Divine Shield |
| 11:43 | Flak Cannons |
| 11:45 | Cannon Tower |
| 11:46 | Guard Tower |
| 11:49 | Castle |
| 12:12 | Rifleman |
| 12:13 | Rifleman |
| 12:25 | Rifleman |
| 12:33 | Flying Machine |
| 12:33 | Flying Machine |
| 12:33 | Flying Machine |
| 13:01 | Farm |
| 13:03 | Farm |
| 13:07 | Flying Machine |
| 13:18 | Farm |
| 13:20 | Scroll of Town Portal |
| 13:22 | Storm Bolt |
| 13:30 | Potion of Lesser Invulnerability |
| 13:48 | Farm |
| 14:01 | Farm |
| 14:11 | Flying Machine Bombs |
| 14:14 | Flying Machine |
| 14:59 | Flying Machine |
| 15:00 | Flying Machine |
| 15:12 | Rifleman |
| 15:12 | Rifleman |
| 15:38 | Flying Machine |
| 16:18 | Scroll of Town Portal |
| 16:41 | Flying Machine |
| 17:01 | Flying Machine |
| 17:17 | Flying Machine |
| 17:58 | Rifleman |
| 17:58 | Rifleman |
| 18:01 | Holy Light |
| 18:19 | Mortar Team |
| Right click | 610 |
| Select group | 491 |
| Select | 198 |
| Build/train/purchase | 94 |
| Assign group | 52 |
| Use ability | 23 |
| Resource trade | 6 |
| Remove unit | 1 |
| Minimap ping | 1 |

| Periapt of Vitality | 1 | 325 |
| total: | 1 | 325g |
| Wisp | 20 | 1200 | / | 0 |
| Archer | 21 | 2730 | / | 210 |
| Hippogryph | 3 | 480 | / | 60 |
| total: | 44 | 4410g | / | 270w |
| Altar of Elders | 1 | 180 | / | 50 |
| Moon Well | 8 | 1440 | / | 320 |
| Ancient of War | 3 | 450 | / | 180 |
| Hunter's Hall | 1 | 210 | / | 100 |
| Tree of Life | 3 | 1020 | / | 555 |
| Ancient of Wind | 2 | 300 | / | 280 |
| Tree of Ages | 1 | 320 | / | 180 |
| Tree of Eternity | 1 | 330 | / | 200 |
| total: | 18 | 3600g | / | 1485w |
| 0:04 | Wisp |
| 0:04 | Wisp |
| 0:04 | Wisp |
| 0:22 | Altar of Elders |
| 0:39 | Moon Well |
| 0:50 | Moon Well |
| 0:53 | Wisp |
| 0:53 | Wisp |
| 0:53 | Wisp |
| 0:53 | Wisp |
| 0:53 | Wisp |
| 1:35 | Wisp |
| 1:35 | Wisp |
| 1:48 | Ancient of War |
| 2:12 | Ancient of War |
| 2:25 | Life Drain |
| 2:33 | Ancient of War |
| 2:38 | Wisp |
| 2:38 | Wisp |
| 2:38 | Wisp |
| 2:58 | Moon Well |
| 3:03 | Moon Well |
| 3:11 | Moon Well |
| 3:22 | Archer |
| 3:22 | Archer |
| 3:23 | Archer |
| 3:37 | Archer |
| 3:50 | Archer |
| 4:01 | Wisp |
| 4:01 | Wisp |
| 4:21 | Hunter's Hall |
| 5:10 | Archer |
| 5:22 | Tree of Ages |
| 5:48 | Strength of the Moon |
| 6:14 | Silence |
| 6:19 | Archer |
| 6:37 | Moon Armor |
| 6:55 | Tree of Life |
| 8:06 | Archer |
| 8:40 | Archer |
| 8:40 | Archer |
| 8:40 | Archer |
| 9:05 | Life Drain |
| 9:13 | Periapt of Vitality |
| 9:25 | Archer |
| 9:45 | Ancient of Wind |
| 9:50 | Ancient of Wind |
| 9:51 | Improved Strength of the Moon |
| 10:00 | Improved Bows |
| 10:27 | Archer |
| 10:58 | Silence |
| 11:04 | Archer |
| 11:04 | Archer |
| 11:04 | Archer |
| 11:27 | Archer |
| 11:31 | Moon Well |
| 11:43 | Moon Well |
| 11:46 | Hippogryph |
| 11:52 | Improved Moon Armor |
| 12:12 | Moon Well |
| 12:29 | Hippogryph |
| 13:21 | Tree of Life |
| 13:52 | Tree of Eternity |
| 13:53 | Hippogryph |
| 13:56 | Archer |
| 14:31 | Tree of Life |
| 15:10 | Life Drain |
| 15:44 | Archer |
| 15:44 | Archer |
| 15:44 | Archer |
| 17:21 | Wisp |
| 17:21 | Wisp |
| 17:21 | Wisp |
| 17:22 | Wisp |
| 17:22 | Wisp |
| Right click | 347 |
| Select | 272 |
| Build/train/purchase | 66 |
| Use ability | 40 |
| Resource trade | 10 |
| Minimap ping | 1 |


| Lesser Clarity Potion | 1 | 70 |
| Scroll of Healing | 1 | 250 |
| Scroll of Town Portal | 2 | 700 |
| total: | 4 | 1020g |
| Wisp | 15 | 900 | / | 0 |
| Archer | 14 | 1820 | / | 140 |
| Dryad | 12 | 1740 | / | 720 |
| Druid of the Claw | 6 | 1530 | / | 480 |
| Gnoll Brute | 1 | 215 | / | 20 |
| total: | 48 | 6205g | / | 1360w |
| Ancient Protector | 1 | 135 | / | 80 |
| Altar of Elders | 1 | 180 | / | 50 |
| Moon Well | 6 | 1080 | / | 240 |
| Ancient of War | 1 | 150 | / | 60 |
| Ancient of Wonders | 2 | 180 | / | 60 |
| Hunter's Hall | 1 | 210 | / | 100 |
| Ancient of Lore | 2 | 310 | / | 290 |
| Tree of Ages | 1 | 320 | / | 180 |
| Tree of Eternity | 2 | 660 | / | 400 |
| total: | 14 | 2245g | / | 880w |
| 0:04 | Wisp |
| 0:05 | Wisp |
| 0:09 | Altar of Elders |
| 0:14 | Moon Well |
| 0:20 | Wisp |
| 0:41 | Ancient of War |
| 0:43 | Wisp |
| 0:49 | Wisp |
| 0:50 | Wisp |
| 0:50 | Wisp |
| 1:23 | Wisp |
| 1:43 | Moon Well |
| 1:45 | Archer |
| 1:51 | Archer |
| 1:57 | Ancient of Wonders |
| 1:59 | Wisp |
| 2:03 | Ancient of Wonders |
| 2:08 | Archer |
| 2:20 | Breath of Fire |
| 2:34 | Archer |
| 2:34 | Archer |
| 2:41 | Moon Well |
| 3:12 | Wisp |
| 3:13 | Wisp |
| 3:15 | Archer |
| 3:16 | Lesser Clarity Potion |
| 3:29 | Tree of Ages |
| 3:42 | Archer |
| 3:42 | Archer |
| 3:56 | Drunken Brawler |
| 4:03 | Archer |
| 4:05 | Archer |
| 4:05 | Archer |
| 4:16 | Gnoll Brute |
| 4:29 | Archer |
| 4:30 | Archer |
| 4:46 | Moon Well |
| 4:56 | Hunter's Hall |
| 5:19 | Moon Well |
| 5:25 | Archer |
| 5:50 | Breath of Fire |
| 6:24 | Wisp |
| 6:24 | Wisp |
| 6:28 | Ancient of Lore |
| 6:50 | Ancient of Lore |
| 7:07 | Force of Nature |
| 7:23 | Wisp |
| 7:24 | Wisp |
| 7:29 | Moon Well |
| 7:33 | Ancient Protector |
| 7:56 | Abolish Magic |
| 8:22 | Dryad |
| 8:23 | Druid of the Claw Adept Training |
| 8:30 | Tree of Eternity |
| 8:47 | Entangling Roots |
| 8:48 | Drunken Brawler |
| 8:57 | Scroll of Healing |
| 9:06 | Dryad |
| 9:59 | Dryad |
| 10:25 | Force of Nature |
| 10:33 | Dryad |
| 11:01 | Dryad |
| 11:03 | Druid of the Claw Master Training |
| 12:05 | Dryad |
| 12:32 | Dryad |
| 13:03 | Mark of the Claw |
| 13:03 | Druid of the Claw |
| 13:06 | Dryad |
| 13:06 | Dryad |
| 13:26 | Scroll of Town Portal |
| 13:56 | Druid of the Claw |
| 14:48 | Druid of the Claw |
| 15:29 | Druid of the Claw |
| 15:49 | Druid of the Claw |
| 15:49 | Druid of the Claw |
| 16:09 | Dryad |
| 17:18 | Scroll of Town Portal |
| 17:25 | Dryad |
| 17:52 | Dryad |
| Right click | 521 |
| Select | 396 |
| Misc. action | 98 |
| Build/train/purchase | 86 |
| Use ability | 32 |
| Select group | 28 |
| Remove unit | 5 |
| Minimap ping | 5 |
| Item give/drop | 4 |
| Resource trade | 4 |
| Assign group | 2 |
89 units @ 13.9k
/ 2k
47 buildings @ 6.8k
/ 2.6k

| Rod of Necromancy | 2 | 300 |
| Potion of Healing | 1 | 150 |
| total: | 3 | 450g |
| Acolyte | 7 | 525 | / | 0 |
| Ghoul | 4 | 480 | / | 0 |
| Crypt Fiend | 12 | 2580 | / | 480 |
| Obsidian Statue | 1 | 200 | / | 35 |
| Abomination | 1 | 240 | / | 70 |
| Rifleman | 12 | 2460 | / | 360 |
| total: | 37 | 6485g | / | 945w |
| Spirit Tower | 1 | 145 | / | 40 |
| Crypt | 3 | 600 | / | 150 |
| Altar of Darkness | 1 | 180 | / | 50 |
| Ziggurat | 10 | 1500 | / | 500 |
| Tomb of Relics | 1 | 130 | / | 30 |
| Graveyard | 1 | 215 | / | 0 |
| Slaughterhouse | 2 | 280 | / | 270 |
| Halls of the Dead | 1 | 320 | / | 210 |
| Black Citadel | 1 | 325 | / | 230 |
| Scout Tower | 2 | 60 | / | 40 |
| Arcane Tower | 1 | 70 | / | 50 |
| Barracks | 1 | 160 | / | 60 |
| Farm | 3 | 240 | / | 60 |
| total: | 24 | 3365g | / | 1160w |
| 0:02 | Acolyte |
| 0:08 | Crypt |
| 0:11 | Altar of Darkness |
| 0:24 | Ziggurat |
| 0:33 | Acolyte |
| 0:57 | Tomb of Relics |
| 1:10 | Ghoul |
| 1:27 | Ghoul |
| 1:38 | Graveyard |
| 1:54 | Ghoul |
| 2:06 | Ziggurat |
| 2:18 | Ghoul |
| 2:20 | Death Coil |
| 2:36 | Rod of Necromancy |
| 3:00 | Crypt Fiend |
| 3:03 | Acolyte |
| 3:23 | Acolyte |
| 3:24 | Acolyte |
| 3:24 | Acolyte |
| 3:58 | Unholy Aura |
| 4:05 | Acolyte |
| 4:25 | Halls of the Dead |
| 5:09 | Ziggurat |
| 5:35 | Creature Carapace |
| 5:37 | Creature Attack |
| 5:40 | Rifleman |
| 5:45 | Barracks |
| 5:51 | Crypt |
| 5:52 | Crypt |
| 6:14 | Crypt Fiend |
| 6:20 | Crypt Fiend |
| 6:25 | Ziggurat |
| 6:25 | Ziggurat |
| 6:26 | Ziggurat |
| 6:31 | Black Gunpowder |
| 7:05 | Crypt Fiend |
| 7:07 | Improved Creature Attack |
| 7:13 | Unholy Aura |
| 7:17 | Rifleman |
| 7:22 | Farm |
| 7:23 | Farm |
| 7:24 | Farm |
| 7:27 | Scout Tower |
| 7:28 | Scout Tower |
| 7:53 | Crypt Fiend |
| 8:01 | Slaughterhouse |
| 8:02 | Slaughterhouse |
| 8:10 | Rifleman |
| 8:25 | Improved Creature Carapace |
| 8:53 | Spirit Tower |
| 8:55 | Ziggurat |
| 8:56 | Ziggurat |
| 9:04 | Rifleman |
| 9:06 | Arcane Tower |
| 9:12 | Web |
| 10:08 | Crypt Fiend |
| 10:12 | Rifleman |
| 10:37 | Burrow |
| 10:39 | Advanced Creature Carapace |
| 10:43 | Obsidian Statue |
| 10:51 | Rifleman |
| 10:57 | Storm Bolt |
| 11:25 | Thunder Clap |
| 11:27 | Thunder Clap |
| 11:40 | Crypt Fiend |
| 11:40 | Crypt Fiend |
| 11:42 | Rifleman |
| 11:43 | Rifleman |
| 12:12 | Crypt Fiend |
| 12:17 | Rod of Necromancy |
| 12:18 | Potion of Healing |
| 13:01 | Rifleman |
| 13:03 | Refined Gunpowder |
| 13:11 | Black Citadel |
| 13:35 | Crypt Fiend |
| 14:36 | Death Coil |
| 14:41 | Rifleman |
| 14:42 | Rifleman |
| 14:44 | Studded Leather Armor |
| 15:03 | Storm Bolt |
| 15:25 | Unholy Aura |
| 15:38 | Crypt Fiend |
| 15:45 | Rifleman |
| 15:55 | Avatar |
| 16:11 | Advanced Creature Attack |
| 16:14 | Abomination |
| 17:11 | Crypt Fiend |
| 17:30 | Ziggurat |
| 17:31 | Ziggurat |
| 17:51 | Animate Dead |
| 18:11 | Death Coil |
| 18:18 | Thunder Clap |
| Right click | 543 |
| Select | 445 |
| Select group | 213 |
| Chat | 91 |
| Build/train/purchase | 90 |
| Assign group | 42 |
| Use ability | 35 |
| Minimap ping | 17 |
| Resource trade | 14 |
| Misc. action | 3 |
| Remove unit | 1 |

| Peasant | 6 | 450 | / | 0 |
| total: | 6 | 450g | / | 0w |
| Altar of Kings | 1 | 180 | / | 50 |
| Farm | 3 | 240 | / | 60 |
| Barracks | 1 | 160 | / | 60 |
| Blacksmith | 1 | 140 | / | 60 |
| Keep | 1 | 320 | / | 210 |
| total: | 6 | 720g | / | 230w |
| 0:07 | Altar of Kings |
| 0:09 | Farm |
| 0:12 | Peasant |
| 0:12 | Peasant |
| 0:14 | Peasant |
| 0:58 | Peasant |
| 0:58 | Peasant |
| 0:58 | Peasant |
| 1:24 | Farm |
| 2:09 | Barracks |
| 2:22 | Storm Bolt |
| 2:23 | Storm Bolt |
| 3:15 | Blacksmith |
| 4:20 | Farm |
| 4:21 | Keep |
| Right click | 69 |
| Select | 38 |
| Select group | 16 |
| Build/train/purchase | 12 |
| Assign group | 2 |
| Remove unit | 2 |
| Misc. action | 1 |

| Potion of Healing | 1 | 150 |
| Scroll of Town Portal | 1 | 350 |
| Scroll of Healing | 1 | 250 |
| Potion of Lesser Invulnerability | 1 | 150 |
| Scroll of Protection | 1 | 150 |
| total: | 5 | 1050g |
| Wisp | 12 | 720 | / | 0 |
| Archer | 13 | 1690 | / | 130 |
| Hippogryph | 10 | 1600 | / | 200 |
| Mountain Giant | 5 | 1750 | / | 500 |
| Rifleman | 6 | 1230 | / | 180 |
| total: | 46 | 6990g | / | 1010w |
| Altar of Elders | 1 | 180 | / | 50 |
| Moon Well | 7 | 1260 | / | 280 |
| Ancient of War | 2 | 300 | / | 120 |
| Hunter's Hall | 1 | 210 | / | 100 |
| Ancient of Wonders | 1 | 90 | / | 30 |
| Ancient of Wind | 2 | 300 | / | 280 |
| Ancient of Lore | 2 | 310 | / | 290 |
| Tree of Ages | 1 | 320 | / | 180 |
| Tree of Eternity | 1 | 330 | / | 200 |
| Farm | 1 | 80 | / | 20 |
| total: | 17 | 2730g | / | 1170w |
| 0:11 | Wisp |
| 0:11 | Wisp |
| 0:17 | Altar of Elders |
| 0:20 | Moon Well |
| 0:46 | Ancient of War |
| 0:50 | Wisp |
| 1:06 | Wisp |
| 1:25 | Moon Well |
| 1:29 | Wisp |
| 1:48 | Archer |
| 2:03 | Wisp |
| 2:10 | Archer |
| 2:17 | Wisp |
| 2:24 | Shadow Strike |
| 2:29 | Archer |
| 3:04 | Archer |
| 3:05 | Archer |
| 3:20 | Moon Well |
| 3:31 | Tree of Ages |
| 3:50 | Archer |
| 3:53 | Blink |
| 4:11 | Archer |
| 4:18 | Hunter's Hall |
| 5:17 | Archer |
| 5:23 | Strength of the Moon |
| 6:04 | Ancient of Wind |
| 6:09 | Ancient of Wind |
| 6:11 | Wisp |
| 6:11 | Wisp |
| 6:11 | Wisp |
| 6:12 | Archer |
| 6:14 | Archer |
| 6:23 | Rifleman |
| 6:23 | Rifleman |
| 6:23 | Rifleman |
| 6:23 | Rifleman |
| 6:42 | Moon Well |
| 6:46 | Improved Bows |
| 7:26 | Shadow Strike |
| 7:33 | Hippogryph |
| 7:44 | Rifleman |
| 7:46 | Rifleman |
| 7:48 | Long Rifles |
| 7:51 | Farm |
| 8:00 | Hippogryph |
| 8:03 | Moon Well |
| 8:05 | Improved Strength of the Moon |
| 8:28 | Hippogryph |
| 8:53 | Hippogryph |
| 10:17 | Blink |
| 11:04 | Hippogryph |
| 11:05 | Archer |
| 11:05 | Archer |
| 11:08 | Ancient of Lore |
| 12:26 | Hippogryph |
| 12:32 | Ancient of Wonders |
| 13:14 | Ancient of Lore |
| 13:33 | Moon Well |
| 13:37 | Shadow Strike |
| 13:47 | Mountain Giant |
| 13:57 | Potion of Healing |
| 14:01 | Scroll of Town Portal |
| 15:25 | Spirit of Vengeance |
| 15:47 | Mountain Giant |
| 15:55 | Hippogryph |
| 15:55 | Hippogryph |
| 16:13 | Potion of Lesser Invulnerability |
| 18:02 | Hippogryph |
| 18:03 | Mountain Giant |
| 18:38 | Blink |
| 19:51 | Tree of Eternity |
| 19:52 | Archer |
| 19:56 | Ancient of War |
| 20:00 | Moon Armor |
| 20:22 | Mountain Giant |
| 21:21 | Improved Moon Armor |
| 22:24 | Moon Well |
| 22:29 | Hardened Skin |
| 22:32 | Resistant Skin |
| 22:36 | Reinforced Hides |
| 24:22 | Hippogryph |
| 24:23 | Marksmanship |
| 24:25 | Improved Reinforced Hides |
| 25:46 | Mountain Giant |
| 25:56 | Strength of the Wild |
| 25:59 | Wisp |
| 25:59 | Wisp |
| 26:57 | Improved Strength of the Wild |
| 27:24 | Scroll of Healing |
| 27:29 | Scroll of Protection |
| 28:57 | Advanced Reinforced Hides |
| 30:06 | Nature's Blessing |
| 31:00 | Advanced Strength of the Wild |
| 31:56 | Well Spring |
| 33:41 | Advanced Strength of the Moon |
| Right click | 1004 |
| Select | 515 |
| Select group | 199 |
| Build/train/purchase | 125 |
| Assign group | 45 |
| Chat | 40 |
| Use ability | 34 |
| Misc. action | 12 |
| Item give/drop | 3 |
| Remove unit | 1 |
| Minimap ping | 1 |